 Dungeon Crawl Stone Soup version 0.32-a0-630-g46d191b0ed (webtiles) character file.

Game seed: 4680057488619335968

1827 Dittersdorf the Covered (level 9, -2/57 HPs)
             Began as a Gargoyle Fighter on Mar 6, 2024.
             Was an Initiate of Gozag.
             Slain by a two-headed ogre
             ... wielding a +0 giant spiked club
              (17 damage)
             ... on level 5 of the Dungeon.
             The game lasted 00:06:53 (5841 turns).

Dittersdorf the Covered (Gargoyle Fighter)          Turns: 5841, Time: 00:06:54

Health: -2/57      AC: 21    Str: 25    XL:     9   Next: 11%
Magic:  9/9        EV:  8    Int: 14    God:    Gozag
Gold:   551        SH:  6    Dex: 10    Spells: 8/8 levels left

rFire   . . .        a - +0 flail
rCold   . . .        c - +1 buckler
rNeg    + . .        e - +4 chain mail "Haky" {Fly rPois Will+ Dex-5}
rPois   ∞            (no helmet)
rElec   +            (no cloak)
rCorr   .            (no gloves)
SInv    .            (no boots)
Will    +....        l - amulet of regeneration Stlth
                     y - +6 ring of intelligence
HPRegen 1.09/turn    A - +6 ring of dexterity
MPRegen 0.11/turn

%: no passive effects
@: flying
A: sickness immunity, AC +6, negative energy resistance 1, electricity
resistance, torment resistance 1, petrification resistance
a: Renounce Religion, Potion Petition, Call Merchant, Bribe Branch


You were on level 5 of the Dungeon.
You worshipped Gozag.
Gozag was pleased with you.
You visited 2 branches of the dungeon, and saw 6 of its levels.
You also visited: Sewer.

You collected 610 gold pieces.
You paid 59 gold pieces to Gozag.

Inventory:

Hand Weapons
 a - a +0 flail (weapon)
Armour
 c - a +1 buckler (worn)
 e - the +4 chain mail "Haky" (worn) {Fly rPois Will+ Dex-5}
   (You acquired it on level 5 of the Dungeon)

   Dex-5:     It affects your dexterity (-5).
   rPois:     It protects you from poison.
   Will+:     It increases your willpower.
   Fly:       It grants you flight.
Jewellery
 l - an amulet of regeneration (around neck)
 y - a +6 ring of intelligence (left hand)
 A - a +6 ring of dexterity (right hand)
Scrolls
 g - 2 scrolls of enchant armour
 i - 2 scrolls of blinking {unknown}
 j - 3 scrolls of revelation
 m - 3 scrolls of fear {unknown}
 n - 2 scrolls of silence {unknown}
 p - a scroll of torment {unknown}
 r - 3 scrolls of fog {unknown}
 s - a scroll of enchant weapon {unknown}
 t - a scroll of brand weapon {unknown}
 w - a scroll of poison {unknown}
 x - a scroll of immolation {unknown}
 B - a scroll of teleportation {unknown}
Potions
 b - 2 potions of mutation {unknown}
 d - a potion of might
 f - 3 potions of degeneration {unknown}
 h - 2 potions of resistance {unknown}
 k - a potion of cancellation
 o - 2 potions of brilliance
 q - a potion of haste
 u - a potion of magic {unknown}
 v - a potion of curing
 z - 2 potions of heal wounds {unknown}


   Skills:
 + Level 7.1 Fighting
 + Level 6.0 Maces & Flails
 + Level 7.1 Armour
 + Level 7.1 Shields


You had 8 spell levels left.
You didn't know any spells.
Your spell library contained the following spells:

 Spells                   Type           Power      Damage    Failure   Level
 Sandblast                Erth           0%         2d4       83%         1
 Shock                    Conj/Air       0%         1d3       83%         1
 Ensorcelled Hibernation  Hex/Ice        0%         N/A       93%         2
 Mercury Vapours          Alch/Air       0%         N/A       93%         2
 Static Discharge         Conj/Air       0%         3-3/arc   93%         2
 Fugue of the Fallen      Necr           0%         N/A       99%         3
 Mephitic Cloud           Conj/Alch/Air  0%         N/A       99%         3
 Passwall                 Erth           0%         N/A       99%         3
 Stone Arrow              Conj/Erth      0%         3d7       99%         3
 Swiftness                Air            0%         N/A       99%         3
 Airstrike                Air            0%         2d(0-16)  100%        4
 Anguish                  Hex/Necr       0%         N/A       100%        4
 Brom's Barrelling Bould  Conj/Erth      0%         2d3       100%        4
 Summon Lightning Spire   Summ/Air       0%         N/A       100%        4
 Borgnjor's Vile Clutch   Necr/Erth      0%         N/A       100%        5
 Freezing Cloud           Conj/Ice/Air   0%         6-21      100%        5
 Death Channel            Necr           0%         N/A       100%        6
 Animate Dead             Necr           Unusable   N/A       N/A         4

Dungeon Overview and Level Annotations

Branches:
Dungeon (5/15)             Temple (1/1) D:4           Sewer (visited)

Altars:
Cheibriados
Dithmenos
Elyvilon
Fedhas
Gozag
Hepliaklqana
Kikubaaqudgha
Makhleb
Nemelex Xobeh
Okawaru
Qazlal
Ru
Sif Muna
Vehumet
Xom
Zin
The Shining One
Beogh


Innate Abilities, Weirdness & Mutations

You are immune to sickness and miasma.
Your stone body is resilient. (AC +6)
You are immune to poison.
You resist negative energy. (rN+)
You are resistant to electric shocks. (rElec)
You are resistant to unholy torment.
You are immune to petrification.


Message History

No target in view!
No target in view!
No target in view!
You now have 551 gold pieces (gained 7).
Found a hand axe.
There is a stone staircase leading down here.
You see here a potion of attraction.
You see here a +0 giant club.
Done exploring.
Search for what [Enter for "chain", or ? for help]? cloak Can't find anything matching that.
Done exploring.
Level map cleared.
There is a stone staircase leading down here.
You see here a +0 chain mail.
You see here a +0 flail.
You see here a +0 spear.
You see here a +0 spear.
There is a stone staircase leading up here.
Things that are here:
a +0 chain mail; a potion of attraction; a potion of lignification You see here a wand of warping (5).
You see here a wand of warping (5).
The two-headed ogre shouts in stereo!
You thump the two-headed ogre!
The two-headed ogre is lightly wounded.
The two-headed ogre barely misses you. You block the two-headed ogre's attack.
You sock the two-headed ogre!
The two-headed ogre is moderately wounded.
You hit the two-headed ogre.
The two-headed ogre is moderately wounded.
The two-headed ogre hits you with a +0 giant spiked club.
The two-headed ogre hits you with a +0 giant club!
You hit the two-headed ogre but do no damage.
The two-headed ogre is moderately wounded.
The two-headed ogre hits you with a +0 giant spiked club!!
* * * LOW HITPOINT WARNING * * *
The two-headed ogre hits you with a +0 giant club!
You die...
Your body crumbles into a pile of gold.

#.## ####... #.#
*##### ####
#######....##* #
#...........*
##...........**
#............,**
#.........>..,,*
#............,**
*#...@O....#***
#......####
##.##### #.##
#..# **** ##.#
**,,*** ###.####
*,,,,,,
##......###
**,,,,,,
#.........#
**,,,,,,,


You could see a two-headed ogre.

Vanquished Creatures
  Eustachio (D:4)
  Duvessa (D:4)
  Pargi (D:4)
  2 ice beasts (D:5)
  A black bear (D:5)
  An ogre (D:5)
  A crocodile (Sewer)
  A centaur (D:5)
  3 phantoms (D:5)
  3 kobold brigands (Sewer)
  A scorpion (D:3)
  Dowan (D:4)
  Ijyb (D:4)
  3 iguanas (D:5)
  Natasha (thrice) (D:4)
  9 adders
  4 gnolls (D:5)
  2 river rats (Sewer)
  2 ufetubi (D:5)
  3 dart slugs
  4 ribbon worms
  6 orcs
  9 ball pythons
  4 bats
  7 endoplasms
  7 giant cockroaches
  6 goblins
  10 hobgoblins
  4 jackals (D:1)
  4 quokkas
  5 frilled lizards
  12 kobolds
  13 rats
135 creatures vanquished.

Notes
Turn   | Place    | Note
-------+----------+-------------------------------------------
     0 | D:1      | Dittersdorf the Gargoyle Fighter began the quest for the
                  | Orb.
     0 | D:1      | Reached XP level 1. HP: 14/14 MP: 1/1
   107 | D:1      | Reached XP level 2. HP: 17/19 MP: 2/2
   319 | D:1      | Reached XP level 3. HP: 23/23 MP: 3/3
   993 | D:2      | Reached XP level 4. HP: 29/29 MP: 4/4
  1086 | D:2      | Found a roughly hewn altar of Beogh.
  1207 | D:2      | Found a faded altar of an unknown god.
  2131 | D:3      | Noticed a scorpion
  2139 | D:3      | Killed a scorpion
  2140 | D:3      | Reached XP level 5. HP: 33/33 MP: 5/5
  2827 | D:4      | Noticed Duvessa
  2827 | D:4      | Noticed Dowan
  2860 | D:4      | Killed Duvessa
  2861 | D:4      | Reached XP level 6. HP: 28/39 MP: 6/6
  2880 | D:4      | Killed Dowan
  2960 | D:4      | Noticed Ijyb
  3004 | D:4      | Killed Ijyb
  3151 | D:4      | Noticed Eustachio
  3195 | D:4      | Killed Eustachio
  3196 | D:4      | Reached skill level 5 in Fighting
  3196 | D:4      | Reached skill level 5 in Armour
  3196 | D:4      | Reached skill level 5 in Shields
  3196 | D:4      | Reached XP level 7. HP: 38/44 MP: 7/7
  3227 | D:4      | Noticed Pargi
  3247 | D:4      | Killed Pargi
  3261 | D:4      | Noticed Natasha
  3271 | D:4      | Killed Natasha
  3334 | D:4      | Found a staircase to the Ecumenical Temple.
  3341 | Temple   | Entered the Ecumenical Temple
  3348 | Temple   | Became a worshipper of Gozag Ym Sagoz the Greedy
  3459 | D:4      | Found a staircase to the Ecumenical Temple.
  3685 | D:4      | Noticed Natasha
  3692 | D:4      | Killed Natasha
  3724 | D:4      | Noticed Natasha
  3732 | D:4      | Killed Natasha
  3930 | D:5      | Entered Level 5 of the Dungeon
  3938 | D:5      | Identified a scroll of acquirement
  3938 | D:5      | Acquired the +4 chain mail "Haky" {Fly rPois Will+ Dex-5}
  4019 | D:5      | Reached XP level 8. HP: 26/51 MP: 8/8
  4048 | D:5      | Reached skill level 5 in Maces & Flails
  4117 | D:5      | Found a glowing drain.
  4167 | Sewer    | Entered a sewer
  4719 | D:5      | Noticed a two-headed ogre
  4982 | D:5      | Reached XP level 9. HP: 56/56 MP: 9/9
  5841 | D:5      | Slain by a two-headed ogre

Illustrated notes

Levels and vault maps discovered:
D:1:      dpeg_arrival_solitude, layout_loops_ring, serial_aquarium,
          aquarium_bridge_square [aquarium_subvault_bridge,
          aquarium_subvault_bridge, aquarium_subvault_window,
          aquarium_subvault_window], aquarium_window_2, aquarium_window_2,
          aquarium_window_double, aquarium_window_corridor_1, aquarium_view_2c,
          aquarium_view_2b, aquarium_balcony_3b, minmay_hexomino_f4
D:2:      layout_basic, hellmonk_ecumenical_altar_defaced_shrine
D:3:      layout_basic, serial_bayou_lagoon_a
D:4:      layout_loops_ring, minmay_temple_entry_junction, uniq_eustachio,
          uniq_ijyb, uniq_duvessa, uniq_pargi, uniq_natasha
D:5:      layout_cave_pods, portal_sewer_entry_b
Temple:   bh_familiar_temple

Skill      XL: |  1  2  3  4  5  6  7  8  9 |
---------------+----------------------------+-----
Armour         | 4 5 7 |  7.1
Fighting       | 4 5 6 7 |  7.1
Shields        | 4 5 6 7 |  7.1
Maces & Flails | 3 4 5 6 |  6.0

Action                     |  1- 3 |  4- 6 |  7- 9 || total
---------------------------+-------+-------+-------++-------
  Melee: Flail             |   129 |   211 |   348 ||   688
    Use: Scroll            |       |       |     9 ||     9
 Armour: Scale mail        |   123 |   128 |       ||   251
         Chain mail        |       |   100 |   394 ||   494
  Dodge: Dodged            |    71 |   126 |   168 ||   365
  Block: Buckler           |    30 |    51 |    91 ||   172

Table legend: (Time is in decaauts)
 A = Elapsed time spent in this place.
 B = Non-inter-level travel time spent in this place.
 C = Inter-level travel time spent in this place.
 D = Time resting spent in this place.
 E = Time spent auto-exploring this place.
 F = Levels seen in this place.
 G = Mean time per level.
                   A        B        C        D        E       F      G
               +--------+--------+--------+--------+--------+-----+--------+
         Total |   6016 |   5770 |    246 |    111 |   4067 |   7 |  859.4 |
       Dungeon |   5604 |   5358 |    246 |    108 |   3931 |   5 | 1120.8 |
        Temple |     13 |     13 |      0 |      0 |      0 |   1 |   13.0 |
         Sewer |    398 |    398 |      0 |      3 |    136 |   1 |  398.0 |
               +--------+--------+--------+--------+--------+-----+--------+

Top non-repeatable levels by time:
     D:5: 1522 daAuts
     D:4: 1287 daAuts
     D:3: 1097 daAuts
     D:2: 857 daAuts
     D:1: 839 daAuts
   Sewer: 398 daAuts
  Temple: 13 daAuts
